AoeStats
← KG4T. anolfo.xxx

Arabia

504578021Analyzed
1v1 RM · 26d ago on Sep 5, 2026· 48m 39s· 2 players
Game mode
Random Map
Map size
Tiny (2 player)
Population
200
Speed
Normal
Resources
Standard
Victory
Conquest
Starting age
Dark Age
Ending age
Imperial Age
RankedLock teamsTeams togetherTeam positionsShared explorationLock speedFull tech treeHidden civsTurbo modeCheats
Victory
Defeat
🇵🇪 Mongols · Peru
1096
+15
🇲🇽 Burgundians · Mexico
1067
-15
_Raz_
4:21 Double-Bit Axe
6:55 Loom
9:20 Feudal Age
19:59 Castle Age
20:28 Padded Archer Armor
21:28 Squires
20:50 Elite Skirmisher
21:39 Scale Mail Armor
22:26 Wheelbarrow
22:32 Husbandry
26:45 Gold Mining
28:03 Cavalier
29:02 Bow Saw
29:04 Horse Collar
29:21 Stone Mining
30:35 Gold Shaft Mining
31:56 Fletching
36:55 Hand Cart
37:49 Leather Archer Armor
38:31 Bodkin Arrow
40:09 Stone Shaft Mining
42:53 Imperial Age
40:47 Chain Mail Armor
41:57 Forging
42:19 Treadmill Crane
42:36 Murder Holes
43:02 Ballistics
43:36 Iron Casting
44:50 Bracer
45:55 Chemistry
44:52 Town Watch
45:10 Heavy Plow
44:58 Arson
47:31 Conscription
KG4T. anolfo.xxx
1:59 Loom
10:23 Feudal Age
15:36 Town Watch
18:20 Castle Age
16:27 Double-Bit Axe
19:02 Bloodlines
19:14 Husbandry
19:46 Horse Collar
22:41 Scale Barding Armor
24:02 Wheelbarrow
25:07 Fletching
26:33 Padded Archer Armor
27:43 Fervor
29:35 Ballistics
29:35 Forging
29:36 Heavy Plow
30:06 Bow Saw
31:20 Leather Archer Armor
31:50 Hand Cart
37:24 Imperial Age
36:22 Stone Mining
36:34 Gold Mining
38:01 Elite Steppe Lancer
39:05 Conscription
40:02 Heavy Camel Rider
41:15 Chain Barding Armor
41:31 Iron Casting
40:52 Bodkin Arrow
42:21 Parthian Tactics
43:10 Chemistry
43:07 Gold Shaft Mining
43:11 Stone Shaft Mining
42:48 Elite Mangudai
44:23 Bracer
45:24 Blast Furnace
44:33 Nomads
45:46 Heavy Cavalry Archer
47:05 Town Patrol
Connection lost

Rejoining the realm…

Still unreachable

The connection could not be restored.

Session expired

The server has moved on; the page needs a fresh start.